Map: Ruins of Seras

Players

SticklerMac

  • Race: Zerg Zerg
  • League: Silver

Enoch - Winner!

  • Race: Zerg Zerg
  • League: Silver

VOD

https://www.youtube.com/watch?v=jiyYIV4spuQ

Description

Time

  • Played on: Oct. 22, 2015, 3:12 p.m.
  • Length: 18:12
Show
View Real Time Build Order
Export as new Build Order

SticklerMac Zerg 

Build Orders: Hatch First 

Get SALT Encoding   

  12  0:01  Drone  
  13  0:12  Overlord  
  13  0:19  Drone  
  14  0:31  Drone x2  
  16  0:36  Drone  
  17  0:57  Hatchery  
  17  0:59  Drone  
  17  1:01  Drone  
  18  1:05  Extractor  
  17  1:17  Spawning Pool  
  16  1:21  Drone  
  16  1:24  Drone  
  18  1:28  Drone  
  20  1:40  Drone  
  20  1:50  Overlord  
  20  2:05  Metabolic Boost  
  20  2:06  Queen  
  22  2:09  Queen  
  22  2:10  Drone  
  22  2:13  Drone  
  26  2:16  Drone  
  27  2:29  Drone x2  
  29  2:32  Zergling x2  
  29  2:33  Zergling x2  
  31  2:39  Baneling Nest  
  31  2:42  Drone  
  31  2:43  Zergling x2  
  32  2:52  Drone  
  33  3:00  Zergling x2  
  33  3:03  Zergling x2  
  33  3:04  Zergling x2  
  36  3:14  Overlord  
  36  3:15  Overlord  
  36  3:22  Baneling x4  
  36  3:23  Baneling  
  34  3:41  Zergling x6  
  34  3:42  Zergling x6  
  40  3:53  Zergling x4  
  40  4:00  Zergling x4  
  40  4:01  Zergling x4  
  38  4:04  Zergling x2  
  38  4:05  Zergling x6  
  36  4:10  Queen x2  
  36  4:16  Zergling x4  
  32  4:26  Zergling x2  
  32  4:30  Zergling x2  
  31  4:37  Zergling x2  
  31  4:38  Zergling x2  
  32  4:47  Zergling x2  
  32  4:48  Overlord  
  33  5:02  Zergling x2  
  33  5:03  Zergling x2  
  24  5:12  Zergling x4, Baneling x2  
  24  5:14  Baneling  
  24  5:15  Baneling  
  24  5:18  Zergling x2  
  24  5:21  Drone  
  26  5:24  Zergling x2  
  26  5:25  Zergling x4  
  29  5:36  Zergling x6  
  29  5:38  Zergling x2  
  31  6:03  Zergling x10  
  36  6:05  Baneling x3  
  36  6:06  Zergling x2  
  36  6:21  Zergling x4  
  36  6:25  Zergling x2  
  26  6:29  Zergling x2  
  27  6:35  Drone  
  27  6:37  Drone  
  29  6:48  Zergling x4, Baneling  
  26  7:16  Baneling x3  
  26  7:17  Zergling x10  
  26  7:19  Zergling x2  
  31  7:31  Drone x2  
  33  7:38  Zergling x2  
  33  7:39  Zergling x2  
  35  7:55  Baneling x3  
  35  7:56  Zergling x2, Baneling  
  35  7:57  Zergling x2  
  37  7:58  Zergling x2  
  37  8:20  Zergling x4  
  37  8:21  Zergling x8  
  32  8:28  Zergling x4  
  32  8:32  Zergling x2  
  34  8:36  Zergling x2  
  35  8:45  Zergling x6  
  37  8:57  Zergling x4  
  37  8:58  Zergling x2  
  37  9:01  Zergling x2  
  35  9:23  Zergling x12  
  31  9:34  Drone x2  
  31  9:35  Drone  
  34  9:55  Drone x5  
  39  10:02  Roach Warren  
  38  10:12  Drone  
  38  10:13  Drone x2  
  43  10:57  Roach x7  
  43  10:58  Roach x2  
  59  11:07  Overlord x3  
  59  11:20  Overlord  
  59  11:21  Overlord  
  59  11:31  Roach x4  
  67  11:35  Lair  
  67  11:36  Roach x2  
  73  11:40  Roach  
  73  11:42  Roach  
  67  12:00  Roach  
  67  12:01  Roach x4  
  76  12:07  Drone x2  
  76  12:08  Drone  
  79  12:09  Drone  
  79  12:11  Drone  
  81  12:22  Roach  
  83  12:24  Roach, Extractor  
  84  12:45  Glial Reconstitution  
  84  12:50  Zergling x2  
  84  12:51  Zergling x14  
  92  13:05  Extractor  
  87  13:07  Spore Crawler  
  87  13:09  Spore Crawler, Extractor  
  87  13:11  Spore Crawler  
  87  13:12  Spore Crawler  
  77  13:14  Spore Crawler x2  
  67  13:30  Overlord  
  67  13:31  Overlord  
  67  13:40  Overlord  
  67  13:41  Overlord  
  67  13:49  Drone  
  67  13:50  Drone x3  
  67  13:55  Drone  
  72  13:59  Drone  
  73  14:09  Hydralisk Den  
  72  14:20  Drone  
  73  14:30  Drone x3  
  76  14:42  Hydralisk x3  
  82  14:57  Overlord  
  82  14:58  Overlord x2  
  82  15:02  Overlord  
  82  15:20  Overlord  
  82  15:22  Hydralisk  
  82  15:23  Hydralisk x2  
  82  15:27  Hydralisk  
  90  15:34  Overlord  
  90  15:36  Overlord  
  90  15:43  Hydralisk  
  90  15:46  Hydralisk  
  94  15:51  Hydralisk  
  96  16:01  Hydralisk x2  
  100  16:06  Hydralisk  
  102  16:12  Hydralisk  
  104  16:25  Zergling x6  
  105  16:26  Hydralisk  
  105  16:30  Hydralisk  
  111  16:35  Hydralisk  
  111  16:38  Overseer  
  113  16:43  Hydralisk  
  115  16:51  Muscular Augments  
  115  16:59  Overlord  
  115  17:02  Overlord  
  115  17:07  Pneumatized Carapace  
  115  17:25  Hydralisk x3  
  121  17:36  Hydralisk x2  
  124  17:48  Overlord x2  
Show
View Real Time Build Order
Export as new Build Order

Enoch Zerg - Winner!

Build Orders: Hatch First 

Get SALT Encoding   

  12  0:01  Drone  
  13  0:08  Drone  
  14  0:14  Extractor  
  14  0:15  Drone  
  15  0:39  Hatchery  
  14  0:44  Extractor  
  14  0:45  Drone  
  14  0:46  Extractor  
  15  1:00  Spawning Pool  
  15  1:03  Extractor  
  13  1:06  Drone  
  14  1:15  Overlord  
  14  1:33  Drone x3  
  17  1:49  Queen, Zergling x2  
  20  2:04  Metabolic Boost  
  20  2:08  Zergling x6  
  23  2:10  Zergling x2  
  24  2:16  Overlord  
  24  2:19  Zergling x2  
  25  2:24  Zergling x2  
  27  2:30  Zergling x2  
  27  2:34  Queen  
  29  2:40  Zergling x2  
  29  2:41  Zergling x2  
  31  2:46  Zergling x2  
  31  2:49  Zergling x2  
  33  2:58  Zergling x4  
  33  2:59  Zergling x2  
  33  3:04  Overlord  
  36  3:22  Zergling x6  
  39  3:42  Spine Crawler  
  39  3:46  Spine Crawler, Zergling x4  
  39  3:47  Zergling x4  
  41  3:53  Spine Crawler  
  25  4:17  Zergling x8  
  25  4:18  Zergling x6  
  29  4:29  Zergling x2  
  29  4:30  Zergling x2  
  27  4:42  Zergling x4  
  27  4:52  Zergling x4  
  24  5:14  Drone x2  
  24  5:15  Drone x4  
  24  5:16  Baneling Nest  
  29  6:01  Baneling x5  
  29  6:02  Zergling x4  
  29  6:03  Zergling x10  
  35  6:14  Zergling x2  
  35  6:16  Zergling x2  
  33  6:36  Zergling x4  
  35  6:47  Baneling x4  
  35  6:48  Baneling  
  35  6:49  Zergling x2  
  35  6:51  Drone  
  33  7:33  Overlord  
  33  7:34  Hatchery, Roach Warren  
  33  7:35  Drone x4  
  33  7:36  Extractor  
  34  7:46  Drone  
  35  8:02  Baneling x7  
  35  8:03  Baneling  
  33  8:22  Roach x2  
  31  8:28  Zergling x2  
  31  8:29  Zergling x4  
  31  8:35  Roach  
  31  8:40  Roach  
  35  8:42  Zergling x4  
  37  8:52  Roach  
  37  8:53  Roach  
  38  9:11  Roach x2  
  38  9:22  Queen x2  
  35  9:32  Roach  
  37  9:39  Drone x3  
  37  9:41  Drone  
  41  9:53  Drone  
  41  9:56  Drone x2  
  44  10:05  Lair  
  44  10:09  Drone  
  44  10:12  Drone  
  46  10:21  Drone, Extractor  
  47  10:22  Drone, Extractor  
  47  10:25  Drone  
  47  10:28  Drone  
  47  10:34  Drone  
  49  10:41  Zergling x2  
  49  10:42  Zergling x2  
  51  10:59  Overlord  
  51  11:05  Spire  
  50  11:15  Baneling x4  
  50  11:27  Drone x2  
  50  11:28  Drone x2  
  50  11:29  Drone  
  50  11:31  Drone  
  56  11:36  Drone  
  56  11:39  Drone  
  57  12:02  Overlord x2  
  57  12:16  Mutalisk  
  57  12:19  Mutalisk x4  
  57  12:22  Mutalisk  
  69  12:27  Mutalisk  
  71  12:31  Mutalisk  
  71  12:36  Mutalisk  
  74  13:23  Zergling x2  
  75  13:27  Overlord x4  
  75  13:38  Drone  
  76  13:51  Mutalisk x2  
  76  13:52  Mutalisk  
  76  13:55  Baneling x2  
  82  13:59  Hatchery  
  82  14:02  Mutalisk  
  83  14:11  Mutalisk x2  
  83  14:14  Mutalisk  
  89  14:30  Drone x2  
  89  14:31  Drone x4  
  94  14:33  Drone  
  94  14:37  Drone  
  97  14:39  Drone  
  98  14:55  Drone x3  
  98  14:56  Drone x3  
  104  15:03  Zergling x2  
  105  15:07  Centrifical Hooks  
  105  15:14  Extractor  
  104  15:15  Extractor  
  103  15:23  Zergling x8  
  103  15:24  Zergling x4  
  103  15:27  Baneling x2  
  109  15:31  Queen  
  111  15:37  Drone  
  111  15:40  Evolution Chamber  
  111  15:45  Baneling  
  111  15:46  Baneling x9  
  111  15:48  Zerg Flyer Weapons Level 1  
  111  15:50  Zergling x4  
  111  15:56  Zergling x2  
  114  16:08  Overlord x5  
  114  16:27  Drone  
  114  16:28  Evolution Chamber  
  114  16:32  Drone  
  115  16:33  Zergling x6  
  115  16:34  Zergling x2  
  119  16:40  Zergling x6  
  119  16:41  Zergling x2  
  119  16:43  Overseer  
  119  16:44  Hatchery  
  119  16:46  Zergling x2  
  119  16:47  Zergling x2  
  124  17:02  Zergling x2  
  124  17:03  Zergling x12  
  124  17:05  Zergling x2  
  124  17:06  Zergling x2  
  132  17:36  Zergling x2  
  133  17:37  Zergling x26  
  146  17:48  Zergling x6  
  146  17:50  Overlord x3  
Tags
 
Add a new tag
Caveats
  • Supply blocks, unpowered buildings, or Contaminate may cause inaccurate times.
  • Supply counts are checked every 10 seconds.